AoeStats
← ySmplePat_

Arabia

509918031Analyzed
1v1 RM · 4d ago on Sep 28, 2026· 38m 54s· 2 players
Game mode
Random Map
Map size
Tiny (2 player)
Population
200
Speed
Normal
Resources
Standard
Victory
Conquest
Starting age
Dark Age
Ending age
Imperial Age
RankedLock teamsTeams togetherTeam positionsShared explorationLock speedFull tech treeHidden civsTurbo modeCheats
Victory
Defeat
🇩🇪 Poles · Germany
1241
+15
🇩🇪 Britons · Germany
1228
-15
Herakles
7:47 Loom
9:57 Feudal Age
11:41 Double-Bit Axe
12:13 Horse Collar
18:15 Wheelbarrow
17:45 Scale Mail Armor
19:12 Forging
19:41 Fletching
23:16 Castle Age
23:54 Bodkin Arrow
23:20 Crossbowman
23:30 Pikeman
24:21 Heavy Plow
24:34 Bow Saw
25:01 Chain Mail Armor
26:24 Padded Archer Armor
27:48 Ballistics
30:33 Iron Casting
38:20 Imperial Age
ySmplePat_
6:28 Loom
9:33 Feudal Age
10:01 Horse Collar
10:07 Double-Bit Axe
21:35 Castle Age
22:16 Scale Barding Armor
22:21 Forging
22:23 Bloodlines
23:12 Heavy Plow
23:23 Bow Saw
23:25 Gold Mining
24:28 Wheelbarrow
24:33 Chain Barding Armor
25:15 Town Watch
26:16 Stone Mining
31:17 Iron Casting
32:11 Hand Cart
33:10 Szlachta Privileges
33:54 Stone Shaft Mining
36:41 Imperial Age
34:34 Town Patrol
35:40 Husbandry
36:57 Cavalier
38:47 Blast Furnace
Connection lost

Rejoining the realm…

Still unreachable

The connection could not be restored.

Session expired

The server has moved on; the page needs a fresh start.